 Dungeon Crawl Stone Soup version 0.21-a0-229-g3587535 (webtiles) character file.

189 JackS81 the Reanimator (level 5, -1/28 HPs)
             Began as a Deep Elf Necromancer on Sept 1, 2017.
             Slain by a river rat (7 damage)
             ... in a sewer.
             The game lasted 00:30:29 (3148 turns).

JackS81 the Reanimator (Deep Elf Necromancer)       Turns: 3148, Time: 00:30:30

Health: -1/28      AC:  4    Str:  5    XL:     5   Next: 40%
Magic:  3/11       EV: 13    Int: 21    God:
Gold:   150        SH:  0    Dex: 15    Spells: 1/10 levels left

rFire    . . .     SeeInvis .   x - +0 dagger (venom)
rCold    . . .     Gourm    .   (no shield)
rNeg     . . .     Faith    .   a - +0 robe
rPois    .         Spirit   .   (no helmet)
rElec    .         Reflect  .   (no cloak)
rCorr    .         Harm     .   (no gloves)
MR       .....                  (no boots)
Stlth    ++........             (no amulet)
HPRegen  0.09/turn              t - +2 ring of protection
MPRegen  0.12/turn              (no ring)

@: no status effects
A: no striking features
a: no special abilities


You were in a sewer.
You were not hungry.

You visited 1 branch of the dungeon, and saw 4 of its levels.
You also visited: Sewer.

You collected 150 gold pieces.

Inventory:

Hand Weapons
 h - a +0 hunting sling
 k - a +0 club
 l - a +0 dagger
 p - a +3 flail of draining
 x - a +0 dagger of venom (weapon)
 z - a +0 blowgun
Missiles
 i - 42 poisoned needles (quivered)
Armour
 a - a +0 robe (worn)
Jewellery
 t - a +2 ring of protection (left hand)
Scrolls
 d - 2 scrolls of recharging {unknown}
 f - a scroll of enchant armour {unknown}
 g - 2 scrolls of magic mapping
 j - 4 scrolls of identify
 m - 2 scrolls of remove curse
 o - 5 scrolls of teleportation {unknown}
 q - a scroll of noise {unknown}
 r - a scroll of random uselessness {unknown}
 s - 2 scrolls of blinking {unknown}
 u - a scroll of amnesia {unknown}
 D - a scroll of immolation {unknown}
Potions
 e - a potion of heal wounds
 w - 2 potions of magic
 A - a potion of might
Books
 b - a book of Necromancy

   Spells                             Type                      Level
   a - Pain                           Necromancy                   1
   b - Animate Skeleton               Necromancy                   1
   c - Vampiric Draining              Necromancy                   3
   d - Regeneration                   Charms/Necromancy            3
   e - Animate Dead                   Necromancy                   4
   f - Control Undead                 Necromancy                   4
Comestibles
 c - 2 bread rations
 n - 5 chunks of flesh
 v - 2 royal jellies


   Skills:
 * Level 2.8 Dodging
 - Level 2.4 Stealth
 - Level 3.0 Spellcasting
 * Level 8.0 Necromancy


You had one spell level left.
You knew the following spells:

 Your Spells              Type           Power        Failure   Level  Hunger
a - Pain                  Necr           ####         1%          1    None
b - Animate Skeleton      Necr           N/A          1%          1    None
c - Regeneration          Chrm/Necr      ###.......   8%          3    ###....
d - Control Undead        Necr           #####.....   4%          4    ####...


Dungeon Overview and Level Annotations

Branches:
Dungeon (4/15)
 Temple: D:4-7

Altars:
Fedhas
Gozag

Shops:
D:3 *


Message History

You hit the river rat but do no damage. The river rat closely misses you.
You hit the river rat but do no damage.
The river rat is poisoned.
The river rat bites you!
* * * LOW HITPOINT WARNING * * *
You swap places.
Something barely misses your rat skeleton.
You swap places.
Something bites your frilled lizard skeleton.
Something bites your frilled lizard skeleton!
Your frilled lizard skeleton is destroyed!
You hit the river rat but do no damage.
The river rat is severely wounded.
The river rat bites you.
* * * LOW HITPOINT WARNING * * *
The river rat closely misses you.
Your rat skeleton bites the river rat but does no damage.
You hit the river rat but do no damage.
The river rat looks even sicker.
The river rat is severely wounded.
The river rat bites you!
You die...

#.# #.# #.# ###.# #.##..#
#†#r## ##.#.# #Z#%#.#
##.###.# ##r.#.#
################@##########
≈≈≈≈≈≈≈.≈.≈.≈...≈≈≈.≈≈#≈≈≈≈
.≈≈≈≈.≈.≈....≈≈.....≈≈#≈≈≈≈
###########################


You could see a river rat and a friendly rat skeleton.

Vanquished Creatures
  5 adders
  4 river rats (Sewer)
  An ooze (D:2)
  2 worms
  3 leopard geckos
  3 orcs (D:3)
  9 giant cockroaches
  3 hobgoblins
  7 jackals
  3 quokkas
  3 ball pythons
  4 bats
  8 frilled lizards
  10 goblins
  5 kobolds
  17 rats
87 creatures vanquished.

Vanquished Creatures (collateral kills)
  A river rat (Sewer)
  A worm (D:3)
  An orc (D:3)
  A goblin (D:2)
  A hobgoblin (D:2)
  2 kobolds
  A ball python (Sewer)
  A bat (D:2)
9 creatures vanquished.

Grand Total: 96 creatures vanquished

Notes
Turn   | Place    | Note
-------+----------+-------------------------------------------
     0 | D:1      | JackS81 the Deep Elf Necromancer began the quest for the Orb.
     0 | D:1      | Reached XP level 1. HP: 10/10 MP: 6/6
    55 | D:1      | Reached skill level 5 in Necromancy
   290 | D:1      | Learned a level 1 spell: Animate Skeleton
   492 | D:1      | Reached XP level 2. HP: 14/15 MP: 5/8
  1018 | D:2      | Found a blossoming altar of Fedhas.
  1037 | D:2      | Reached skill level 6 in Necromancy
  1037 | D:2      | Reached XP level 3. HP: 6/19 MP: 2/9
  1545 | D:2      | Learned a level 3 spell: Regeneration
  1617 | D:2      | Reached XP level 4. HP: 16/24 MP: 2/10
  2070 | D:3      | Found an opulent altar of Gozag.
  2070 | D:3      | Found Gozag's Platinum Reserve.
  2107 | D:3      | Reached skill level 7 in Necromancy
  2113 | D:3      | Learned a level 4 spell: Control Undead
  2749 | D:4      | Found a glowing drain.
  2824 | Sewer    | Entered a sewer
  2838 | Sewer    | Reached XP level 5. HP: 25/28 MP: 7/11
  3120 | Sewer    | Reached skill level 8 in Necromancy
  3148 | Sewer    | Slain by a river rat

Vault maps used:
D:1:      evilmike_arrival_hilbert_curve
D:2:      fedhas_altar_3
D:3:      nicolae_gozag_zags_fifth_avenue
D:4:      serial_shops, shop_statue, shop, portal_sewer_entry_f,
          minmay_mini_ossuary
Sewer:    sewer_co_cracked_pipes

Skill      XL: |  1  2  3  4  5 |
---------------+----------------+-----
Necromancy     | 5 6 7 8 |  8.0
Dodging        | |  2.8
Stealth        | |  2.4
Spellcasting   | |  3.0

Action                   |  1- 3 |  4- 6 || total
-------------------------+-------+-------++-------
Melee: Club              |     4 |       ||     4
       Dagger            |       |     6 ||     6
 Fire: Blowgun           |       |     9 ||     9
Throw: Stone             |     2 |     7 ||     9
 Cast: Pain              |    56 |    85 ||   141
       Animate Skeleton  |    12 |    27 ||    39
       Regeneration      |     1 |     5 ||     6
  Use: Potion            |     1 |     6 ||     7
       Scroll            |       |     3 ||     3
 Stab: Distracted        |     1 |       ||     1
       Sleeping          |       |     1 ||     1
  Eat: Chunk             |     2 |     6 ||     8
Armor: Robe              |     4 |     5 ||     9
Dodge: Dodged            |    12 |    15 ||    27

Table legend:
 A = Spawn XP
 B = Non-spawn XP
 C = Spawn XP percentage of total XP
 D = Spawn monster count
 E = Non-spawn monster count
 F = Spawn count percentage of total count
 G = Total turns spent on level
                    A         B        C        D         E        F      G
               +---------+---------+-------+---------+---------+-------+---------
         Total |       5 |     265 |   1.9 |       3 |      93 |   3.1 |  3148
               +---------+---------+-------+---------+---------+-------+---------
           D:1 |       0 |      20 |   0.0 |       0 |      13 |   0.0 |   880
           D:2 |       3 |      82 |   3.5 |       2 |      25 |   7.4 |  1109
           D:3 |       2 |      74 |   2.6 |       1 |      25 |   3.8 |   742
           D:4 |       0 |      13 |   0.0 |       0 |       6 |   0.0 |    93
         Sewer |       0 |      76 |   0.0 |       0 |      24 |   0.0 |   324
               +---------+---------+-------+---------+---------+-------+---------
